 Dungeon Crawl Stone Soup version 0.20.1-1-g8b1a95d66d (webtiles) character file.

611 joe12 the Conjurer (level 7, -9/50 HPs)
             Began as a White Draconian Conjurer on Nov 22, 2017.
             Killed from afar by an electric eel (11 damage)
             ... with a bolt of electricity
             ... on level 7 of the Dungeon.
             The game lasted 00:33:04 (5201 turns).

joe12 the Conjurer (White Draconian Conjurer)       Turns: 5201, Time: 00:33:07

Health: -9/50      AC:  6    Str: 11    XL:     7   Next: 20%
Magic:  13/13      EV: 12    Int: 17    God:
Gold:   300        SH:  0    Dex: 11    Spells: 4/14 levels left

rFire    . . .     SeeInvis .   d - +2 hand axe (venom)
rCold    + . .     Gourm    .   (no shield)
rNeg     . . .     Faith    .   (armour unavailable)
rPois    .         Spirit   .   (helmet restricted)
rElec    .         Reflect  .   (no cloak)
rCorr    .         Harm     .   (no gloves)
MR       .....                  (no boots)
Stlth    ++........             (no amulet)
Regen    0.2/turn               (no ring)
MPRegen  0.2/turn               (no ring)

@: no status effects
A: breathe frost, unfitting armour, cold resistance 1, cold-blooded, AC +6
a: Breathe Frost


You were on level 7 of the Dungeon.
You were very hungry.

You visited 1 branch of the dungeon, and saw 7 of its levels.

You collected 300 gold pieces.

Inventory:

Hand Weapons
 d - a +2 hand axe of venom (weapon)
Armour
 l - a +0 shield
Wands
 g - a wand of digging (9/24)
 n - a wand of flame (15/48)
Scrolls
 e - a scroll of fog {unknown}
 f - 2 scrolls of random uselessness
 i - a scroll of enchant armour
 j - 2 scrolls of remove curse {unknown}
 m - 2 scrolls of enchant weapon {unknown}
 o - 2 scrolls of identify {unknown}
Potions
 b - a potion of haste {unknown}
 c - a potion of degeneration {unknown}
 k - a potion of cancellation {unknown}
 p - 2 potions of curing {unknown}
Books
 a - a book of Conjurations

   Spells                             Type                      Level
   a - Magic Dart                     Conjuration                  1
   b - Searing Ray                    Conjuration                  2
   c - Dazzling Spray                 Conjuration/Hexes            3
   d - Fulminant Prism                Conjuration/Hexes            4
   e - Force Lance                    Conjuration/Translocation    4
   f - Iskenderun's Mystic Blast      Conjuration                  4
Comestibles
 h - 2 fruits


   Skills:
 - Level 0.6 Axes
 - Level 1.7 Dodging
 - Level 1.7 Stealth
 * Level 4.4 Spellcasting
 + Level 7.5 Conjurations


You had 4 spell levels left.
You knew the following spells:

 Your Spells              Type           Power        Failure   Level  Hunger
a - Magic Dart            Conj           ####         1%          1    None
b - Searing Ray           Conj           ####..       1%          2    ##.....
c - Iskenderun's Mystic   Conj           ####....     7%          4    ####...
d - Dazzling Spray        Conj/Hex       ###...       10%         3    ###....


Dungeon Overview and Level Annotations

Branches:
Dungeon (7/15)
 Temple: D:4-7

Altars:
Dithmenos
Fedhas
Trog
Uskayaw
Xom
Yredelemnul


Innate Abilities, Weirdness & Mutations

You can breathe waves of freezing cold.
You can buffet flying creatures when you breathe cold.
Your icy white scales are hard. (AC +6)
You cannot fit into any form of body armour.
Your flesh is cold resistant. (rC+)
You are cold-blooded and may be slowed by cold attacks.


Message History

You enter the transporter and appear at another place.
n - a wand of flame (?/48)
There are no items here.
You open the door.
The electric eel shoots out a bolt of lightning at you!
The bolt of electricity hits you!
There is an open door here.
The adder hisses angrily.
The electric eel shoots out a bolt of lightning at you!
The bolt of electricity hits you! The bolt of electricity misses you.
The electric eel shoots out a bolt of lightning at you!
The bolt of electricity hits you!
* * * LOW HITPOINT WARNING * * *
The electric eel shoots out a bolt of lightning at you!
The bolt of electricity hits the electric eel.
The electric eel completely resists.
The bolt of electricity hits you!
* * * LOW HITPOINT WARNING * * *
The electric eel shoots out a bolt of lightning at you!
The bolt of electricity hits you!
You die...

#.........###
###......##.#
###....©......#
^....#######.(.#
####.#8...8#.....
#.#P...P#..###
#.###'###..#
###.#≈...≈#..#
..)$#≈.@.≈#..#
.##.#≈≈;;≈#..#
#.#≈P⌠≈≈#..#
#.#≈≈≈≈≈#..#
#.#≈≈≈≈;#.S.#
#.#≈≈≈≈≈#....
#.###+###...#
#.#P$ .P#.Z##


You could see 3 electric eels, an adder and a hound skeleton (wandering).

Vanquished Creatures
  A bullfrog (D:3)
  A scorpion (D:4)
  4 bullfrog zombies
  An orc wizard (D:3)
  3 worker ants (D:6)
  A killer bee zombie (D:5)
  A hound zombie (D:6)
  2 hound skeletons (D:5)
  2 howler monkey zombies
  3 worker ant zombies
  7 adders
  An adder skeleton (D:4)
  2 dart slugs
  4 leopard geckos
  7 orcs (D:3)
  A ball python (D:1)
  7 bats
  4 giant cockroaches
  8 goblins
  9 hobgoblins
  2 jackals (D:1)
  7 frilled lizards
  7 kobolds
  A leopard gecko zombie (D:5)
  A quokka zombie (D:6)
  6 rats
  A withered plant (D:4)
94 creatures vanquished.

Notes
Turn   | Place    | Note
-------+----------+-------------------------------------------
     0 | D:1      | joe12 the Draconian Conjurer began the quest for the Orb.
     0 | D:1      | Reached XP level 1. HP: 14/14 MP: 3/3
     9 | D:1      | Noticed an ogre
   405 | D:1      | Reached XP level 2. HP: 20/20 MP: 5/5
   473 | D:1      | Learned a level 2 spell: Searing Ray
   560 | D:2      | Reached XP level 3. HP: 26/26 MP: 3/6
   843 | D:2      | Reached skill level 5 in Conjurations
  1340 | D:3      | Noticed a bullfrog
  1349 | D:3      | Killed a bullfrog
  1349 | D:3      | Reached XP level 4. HP: 14/33 MP: 1/8
  1637 | D:3      | Found a blossoming altar of Fedhas.
  1731 | D:3      | Reached XP level 5. HP: 17/38 MP: 4/9
  1964 | D:3      | Found a hide-covered altar of Uskayaw.
  2377 | D:3      | Reached skill level 6 in Conjurations
  2496 | D:3      | Found a shimmering altar of Xom.
  2499 | D:3      | Found a glowing golden altar of the Shining One.
  2499 | D:3      | Found a glowing silver altar of Zin.
  2501 | D:3      | Found a shimmering altar of Xom.
  2501 | D:3      | Found a hide-covered altar of Uskayaw.
  2501 | D:3      | Found a shadowy altar of Dithmenos.
  2788 | D:4      | Reached XP level 6. HP: 5/45 MP: 4/11
  3229 | D:4      | Learned a level 4 spell: Iskenderun's Mystic Blast
  3539 | D:4      | Noticed an ice beast
  3886 | D:5      | Entered Level 5 of the Dungeon
  3947 | D:5      | Found a basalt altar of Yredelemnul.
  4094 | D:5      | Reached skill level 7 in Conjurations
  4107 | D:5      | Learned a level 3 spell: Dazzling Spray
  4117 | D:5      | Found a shadowy altar of Dithmenos.
  4638 | D:6      | Found a bloodstained altar of Trog.
  4715 | D:6      | Noticed an ice beast
  4724 | D:6      | Your scales start taking on an icy white colour.
  4724 | D:6      | Reached XP level 7. HP: 47/50 MP: 9/13
  4724 | D:6      | Gained mutation: Your flesh is cold resistant. (rC+) [White Draconian growth]
  5182 | D:7      | Found a transporter.
  5201 | D:7      | HP: 2/50 [electric eel/bolt of electricity (12)]
  5201 | D:7      | Killed from afar by an electric eel

Skill      XL: |  1  2  3  4  5  6 |
---------------+-------------------+-----
Conjurations   | 5 6 7 |  7.5
Spellcasting   | 3 4 |  4.4
Axes           | |  0.6
Dodging        | |  1.7
Stealth        | |  1.7

Action                   |  1- 3 |  4- 6 |  7- 9 || total
-------------------------+-------+-------+-------++-------
Melee: Unarmed           |     8 |       |       ||     8
       Hand axe          |    62 |   103 |    10 ||   175
       Tailslap          |     4 |    16 |     1 ||    21
 Cast: Magic Dart        |     7 |       |       ||     7
       Searing Ray       |     5 |    23 |     4 ||    32
       Iskenderun's Myst |       |     4 |       ||     4
 Abil: Breathe Frost     |       |       |     1 ||     1
  Use: Scroll            |       |     4 |       ||     4
 Stab: Sleeping          |     1 |     4 |       ||     5
  Eat: Bread ration      |     1 |     1 |       ||     2
       Meat ration       |       |     1 |       ||     1
       Fruit             |       |     1 |       ||     1
Armor: Skin              |    34 |    27 |     5 ||    66
Dodge: Dodged            |    52 |    93 |    18 ||   163
